 Dungeon Crawl Stone Soup version 0.18-a0-1764-gf4ddf0b (webtiles) character file.

5828 Chiseanne the Fighter (level 10, -9/83 HPs)
             Began as a Demonspawn Monk on Apr 13, 2016.
             Was a High Priest of Dithmenos.
             Mangled by a large abomination (32 damage)
             ... on level 1 of the Abyss.
             The game lasted 00:30:37 (8948 turns).

Chiseanne the Fighter (Demonspawn Monk)             Turns: 8948, Time: 00:30:38

Health: -9/83      AC: 21    Str: 14    XL:     10   Next: 51%
Magic:  23/23      EV: 16    Int: 13    God:    Dithmenos [*****.]
Gold:   462        SH:  0    Dex: 13    Spells: 1 memorised, 12 levels left

rFire  . . .     SeeInvis .     a - +3 scythe (protect)
rCold  . . .     Gourm    .     X - +1 troll leather armour
rNeg   . . .     Faith    .     (shield currently unavailable)
rPois  .         Spirit   .     h - +2 hat
rElec  .         Dismiss  .     Q - +1 cloak
rCorr  .         Reflect  .     (no gloves)
SustAt .         Harm     .     (no boots)
MR     +....                    (no amulet)
Stlth  ++++++++..               H - ring of protection from magic
                                x - ring of magical power

@: wreathed by umbra, somewhat resistant to hostile enchantments,
extraordinarily stealthy
A: rough black scales 2, nightstalker 2, spiny 1
a: Shadow Step, Shadow Form, Renounce Religion


You were on level 1 of the Abyss.
You worshipped Dithmenos.
Dithmenos was extremely pleased with you.
You were not hungry.

You visited 2 branches of the dungeon, and saw 11 of its levels.
You visited the Abyss 1 time.

You collected 462 gold pieces.

Inventory:

Hand Weapons
 a - a +3 scythe of protection (weapon)
 s - a +1 short sword of speed
 w - a +0 blowgun
Missiles
 i - 97 bolts
 l - 208 arrows
 m - 93 poisoned needles
 q - 12 arrows of frost
 B - 23 arrows of dispersal
 D - 106 sling bullets
 J - a throwing net {!*}
 S - 7 tomahawks of dispersal
 W - a poisoned tomahawk (quivered)
Armour
 h - a +2 hat (worn)
 y - a +2 robe of the Archmagi
 Q - a +1 cloak (worn)
 X - a +1 troll leather armour (worn)
Rods
 p - a +4 lightning rod (14/14)
   (You found it on level 1 of the Abyss)
Jewellery
 x - a ring of magical power (left hand)
 G - an uncursed ring of flight
 H - a ring of protection from magic (right hand)
Wands
 e - a wand of lightning (11/15)
 I - a wand of lightning (7/15)
 K - a wand of confusion (4/48)
 R - a wand of lightning (10/15)
Scrolls
 c - 2 scrolls of remove curse
 L - a scroll of amnesia
 P - a scroll of blinking
 U - 2 scrolls of magic mapping
Potions
 d - a potion of cure mutation
 f - a potion of ambrosia
 g - 3 potions of flight
 j - 2 potions of lignification
 r - a potion of berserk rage {unknown}
 t - 2 potions of cancellation
 v - a potion of invisibility
 z - a potion of might
 C - 3 potions of curing
 E - a potion of haste
 M - a potion of beneficial mutation {unknown}
 O - a potion of brilliance {unknown}
 V - a potion of magic {unknown}
Books
 N - a Young Poisoner's Handbook

   Spells                             Type                      Level
   a - Sting                          Conjuration/Poison           1
   b - Cure Poison                    Poison                       2
   c - Mephitic Cloud                 Conjuration/Poison/Air       3
   d - Olgreb's Toxic Radiance        Poison                       4
   e - Venom Bolt                     Conjuration/Poison           5
 T - a book of Alchemy

   Spells                             Type                      Level
   a - Sublimation of Blood           Necromancy                   2
   b - Ignite Poison                  Fire/Transmutation/Poison    3
   c - Petrify                        Transmutation/Earth          4
   d - Alistair's Intoxication        Transmutation/Poison         5
   e - Irradiate                      Conjuration/Transmutation    5
Comestibles
 b - 10 bread rations
 k - 2 beef jerkies
 n - 8 fruits
 o - 2 slices of pizza
 u - a meat ration
 A - 2 royal jellies


   Skills:
 * Level 9.2 Fighting
 * Level 3.3 Armour
 * Level 8.2 Dodging
 - Level 7.0 Stealth
 - Level 3.6 Unarmed Combat
 * Level 2.6 Spellcasting
 * Level 2.8 Poison Magic
 - Level 4.7 Evocations


You had 12 spell levels left.
You knew the following spells:

 Your Spells              Type           Power        Failure   Level  Hunger
a - Cure Poison           Pois           #.........   14%         2    ###....


Dungeon Overview and Level Annotations

Branches:
Dungeon (10/15)            Temple (1/1) D:4            Lair (0/8) D:9
    Orc: D:9-12

Altars:
Ashenzari
Cheibriados
Dithmenos
Elyvilon
Fedhas
Gozag
Kikubaaqudgha
Makhleb
Nemelex Xobeh
Okawaru
Pakellas
Qazlal
Ru
Sif Muna
Trog
Vehumet
Xom
Yredelemnul
Zin
The Shining One

Shops:
D:5 :

Annotations:
D:10 Sonja


Innate Abilities, Weirdness & Mutations

You are mostly covered in rough black scales (AC +7, Dex -2).
You are significantly more attuned to the shadows.
You are partially covered in sharp spines.


Message History

You hit the large abomination but do no damage.
The large abomination is severely damaged.
Your shadow barely misses the large abomination.
The large abomination hits you!
The large abomination is struck by your spines.
The large abomination closely misses you.
You barely miss the large abomination.
The large abomination is severely damaged.
The large abomination misses you. The large abomination hits you!!
* * * LOW HITPOINT WARNING * * *
You slash the large abomination!
The large abomination is almost destroyed.
Your shadow barely misses the large abomination.
The large abomination barely misses you.
The large abomination is struck by your spines.
The large abomination misses you.
You barely miss the large abomination.
The large abomination is almost destroyed.
The large abomination hits you!!
You die...

# . ###.
.....# .#..
#.## .# # .
#. .#. .#..
.#.##.##. .#
## #. # ## .#
.. . . ...#.
##. ...
..#.#...##
#.##.#.#.##@#
.#. .
#.#.#.#X#...#
....# ##
.#....##....#
# #. #
##....# ..#..
. ####.
..###.#.## .
#..#.# .#
##.#
#######...#
#...# ..##


You could see a large abomination.

Vanquished Creatures
  Joseph (D:9)
  A troll (D:9)
  Sigmund (D:3)
  3 porcupines (D:9)
  2 orc warriors
  2 phantoms
  3 black bears
  An ogre (D:8)
  7 centaurs
  2 crocodiles (D:9)
  Blork the orc (D:6)
  3 big kobolds
  10 giant frogs
  2 scorpions
  6 electric eels (D:9)
  A howler monkey (D:5)
  5 crimson imps
  A giant frog zombie (D:9)
  2 quasits (D:8)
  6 hounds
  8 orc priests
  4 centaur skeletons
  Crazy Yiuf (D:3)
  6 jellies
  A giant frog skeleton (D:7)
  6 worker ants
  6 iguanas
  15 orc wizards
  5 sheep (D:9)
  A hound skeleton (D:6)
  2 worker ant zombies
  10 adders
  3 river rats (D:9)
  4 shadow imps
  An ooze (D:1)
  An adder zombie (D:9)
  An adder skeleton (D:5)
  4 worms
  A dart slug (D:3)
  3 giant geckos
  30 orcs
  5 giant cockroaches
  11 goblins
  12 hobgoblins
  10 jackals
  16 kobolds
  4 quokkas
  8 bats
  5 giant newts
  A quokka skeleton (D:4)
  10 rats
255 creatures vanquished.

Vanquished Creatures (collateral kills)
  A worker ant (D:8)
1 creature vanquished.

Vanquished Creatures (others)
  A troll (D:9)
  A quokka (D:5)
  A bush (D:5)
  A fungus (D:9)
  4 plants (D:9)
8 creatures vanquished.

Grand Total: 264 creatures vanquished

Notes
Turn   | Place    | Note
--------------------------------------------------------------
     0 | D:1      | Chiseanne the Demonspawn Monk began the quest for the Orb.
     0 | D:1      | Reached XP level 1. HP: 18/18 MP: 1/1
   213 | D:1      | Gained mutation: You are slightly more attuned to the shadows. [demonic ancestry]
   213 | D:1      | Reached XP level 2. HP: 20/24 MP: 2/2
   284 | D:1      | Reached skill level 1 in Armour
   900 | D:2      | Gained mutation: You are partially covered in rough black scales (AC +4, Dex -1). [demonic ancestry]
   900 | D:2      | Reached XP level 3. HP: 29/29 MP: 3/3
  1185 | D:2      | Found a shattered altar of Ashenzari.
  1866 | D:3      | Reached XP level 4. HP: 37/37 MP: 4/4
  1941 | D:3      | Noticed Crazy Yiuf
  1955 | D:3      | Killed Crazy Yiuf
  1996 | D:3      | Reached skill level 4 in Fighting
  2080 | D:3      | Gained mutation: You are significantly more attuned to the shadows. [demonic ancestry]
  2080 | D:3      | Reached XP level 5. HP: 42/42 MP: 5/5
  2328 | D:3      | Noticed Sigmund
  2345 | D:3      | Killed Sigmund
  2345 | D:3      | Reached XP level 6. HP: 7/49 MP: 6/6
  2924 | D:4      | Reached skill level 5 in Fighting
  3026 | D:4      | Reached XP level 7. HP: 56/56 MP: 7/7
  3190 | D:4      | Found a staircase to the Ecumenical Temple.
  3210 | Temple   | Entered the Ecumenical Temple
  3329 | Temple   | Became a worshipper of Dithmenos the Shadowed
  3329 | Temple   | Reached * piety under Dithmenos
  3329 | Temple   | Reached ** piety under Dithmenos
  3694 | D:5      | Entered Level 5 of the Dungeon
  3970 | D:5      | Found an opulent altar of Gozag.
  3975 | D:5      | Reached skill level 5 in Dodging
  4044 | D:5      | Found a shimmering altar of Xom.
  4140 | D:5      | Reached skill level 6 in Fighting
  4170 | D:5      | Gained mutation: You are partially covered in sharp spines. [demonic ancestry]
  4170 | D:5      | Reached XP level 8. HP: 43/64 MP: 8/8
  4458 | D:5      | Reached skill level 5 in Stealth
  4610 | D:5      | Found a stormy altar of Qazlal.
  4625 | D:5      | Found Baosab's Book Boutique.
  4636 | D:5      | Found a white marble altar of Elyvilon.
  4837 | D:6      | Reached *** piety under Dithmenos
  4907 | D:6      | Reached skill level 7 in Fighting
  4915 | D:6      | Reached skill level 1 in Evocations
  5163 | D:6      | Noticed Blork the orc
  5169 | D:6      | Killed Blork the orc
  5169 | D:6      | Gained mutation: You are mostly covered in rough black scales (AC +7, Dex -2). [demonic ancestry]
  5169 | D:6      | Reached XP level 9. HP: 72/72 MP: 10/10
  5360 | D:6      | Found a deep blue altar of Sif Muna.
  5383 | D:6      | Found a sacrificial altar of Ru.
  5506 | D:7      | Found a burning altar of Makhleb.
  5541 | D:7      | Found a glowing golden altar of the Shining One.
  5683 | D:7      | Found a basalt altar of Yredelemnul.
  5700 | D:7      | Reached **** piety under Dithmenos
  5891 | D:7      | Reached skill level 8 in Fighting
  5957 | D:7      | Found a sparkling altar of Nemelex Xobeh.
  6220 | D:8      | Found a radiant altar of Vehumet.
  6410 | D:8      | Found a basalt altar of Yredelemnul.
  6545 | D:8      | Found a glowing golden altar of the Shining One.
  6657 | D:8      | Reached XP level 10. HP: 76/82 MP: 13/13
  7142 | D:9      | Learned a level 2 spell: Cure Poison
  7185 | D:9      | Reached skill level 1 in Poison Magic
  7328 | D:9      | Reached skill level 1 in Spellcasting
  7756 | D:9      | Noticed Joseph
  7852 | D:9      | Found an iron altar of Okawaru.
  7880 | D:9      | Reached ***** piety under Dithmenos
  7974 | D:9      | Found a staircase to the Lair.
  8094 | D:9      | Killed Joseph
  8094 | D:9      | Reached skill level 9 in Fighting
  8569 | D:9      | Found an oddly glowing altar of Pakellas.
  8569 | D:9      | Noticed an orange crystal statue
  8855 | D:10     | Entered Level 10 of the Dungeon
  8861 | D:10     | Noticed Sonja
  8864 | D:10     | Cast into level 1 of the Abyss (Sonja)
  8948 | Abyss:1  | Mangled by a large abomination

Vault maps used:
D:1:      matt_arrival_refuge
D:2:      nicolae_ashenzari_panopticon, first_bread
D:3:      uniq_crazy_yiuf_cottage, uniq_sigmund
D:4:      minmay_temple_entry_statues
D:5:      kennysheep_little_box, overflow_temple_1_default, elyvilon_altar_4,
          lemuel_crystal_altar, serial_shops, kennysheep_mini,
          lexackson_kobold_supper
D:6:      nicolae_ru_sacrificial_ziggurat, lemuel_crystal_altar,
          uniq_blork_the_orc
D:7:      lemuel_doored_altar, kennysheep_mini_moat, bloody_makhleb, basic_altar
D:8:      vehumet_altar_wand_db, lemuel_coloured_pillars_altar, basic_altar
D:9:      gammafunk_pakellas_statue_experiment, kennysheep_okawaru_gauntlet,
          minmay_lair_entry_grove, uniq_joseph
D:10:     uniq_sonja
Temple:   circular_temple_6

Skill      XL: |  1  2  3  4  5  6  7  8  9 10 |
---------------+-------------------------------+-----
Armour         | 1 2 3 |  3.3
Dodging        | 3 4 5 6 7 8 |  8.2
Fighting       | 4 5 6 7 8 9 |  9.2
Stealth        | 2 3 4 5 7 |  7.0
Evocations     | 2 4 |  4.7
Poison Magic   | 2 |  2.8
Spellcasting   | 2 |  2.6
Unarmed Combat | |  3.6

Action                   |  1- 3 |  4- 6 |  7- 9 | 10-12 || total
-------------------------+-------+-------+-------+-------++-------
Melee: Unarmed           |   158 |     8 |       |       ||   166
       Punch             |     1 |       |       |       ||     1
       Quarterstaff      |       |    65 |    10 |       ||    75
       Scythe            |       |     9 |   314 |    92 ||   415
       Short sword       |       |       |     8 |     9 ||    17
 Fire: Blowgun           |       |       |       |    49 ||    49
Throw: Tomahawk          |       |       |     4 |     5 ||     9
Invok: Shadow Step       |       |       |       |     1 ||     1
Evoke: Club              |       |       |     3 |     8 ||    11
  Use: Scroll            |     9 |     3 |    10 |     4 ||    26
       Potion            |       |     2 |       |       ||     2
 Stab: Sleeping          |     6 |     9 |    31 |     1 ||    47
       Distracted        |       |       |     2 |       ||     2
       Confused          |       |       |       |     1 ||     1
  Eat: Chunk             |     3 |     4 |    13 |     7 ||    27
Armor: Ring mail         |    70 |    42 |       |       ||   112
       Robe              |       |    15 |   161 |    69 ||   245
       Troll leather arm |       |       |       |     6 ||     6
Dodge: Dodged            |   103 |    83 |   338 |   170 ||   694
